 Dungeon Crawl Stone Soup version 0.20.1-1-g8b1a95d (webtiles) character file.

33 grinvi4 the Magician (level 3, -9/21 HPs)
             Began as an Octopode Wizard on Aug 15, 2017.
             Mangled by a worm (10 damage)
             ... on level 2 of the Dungeon.
             The game lasted 00:30:38 (2352 turns).

grinvi4 the Magician (Octopode Wizard)              Turns: 2352, Time: 00:30:38

Health: -9/21      AC:  1    Str:  6    XL:     3   Next: 29%
Magic:  3/8        EV: 13    Int: 21    God:
Gold:   40         SH:  0    Dex: 10    Spells: 6/9 levels left

rFire    . . .     SeeInvis .   (no weapon)
rCold    . . .     Gourm    .   (no shield)
rNeg     . . .     Faith    .   a - +0 hat
rPois    .         Spirit   .   (no amulet)
rElec    .         Reflect  .   (no ring)
rCorr    .         Harm     .   (no ring)
MR       .....                  (no ring)
Stlth    +++.......             (no ring)
Regen    0.1/turn               (no ring)
MPRegen  0.2/turn               (no ring)
                                (no ring)
                                (no ring)

@: no status effects
A: almost no armour, stealthy swim, amphibious, 8 rings, constrict 8, camouflage
1, gelatinous body 1
a: no special abilities


You were on level 2 of the Dungeon.
You were hungry.

You visited 1 branch of the dungeon, and saw 2 of its levels.

You collected 40 gold pieces.

Inventory:

Hand Weapons
 h - a +0 whip
 i - a +0 dagger
Armour
 a - a +0 hat (worn)
 k - a +0 shield
Scrolls
 e - 3 scrolls of remove curse
 g - 2 scrolls of enchant weapon
Potions
 d - a potion of brilliance {unknown}
 l - a potion of curing {unknown}
 m - a potion of agility {unknown}
Books
 b - a book of Minor Magic

   Spells                             Type                      Level
   a - Magic Dart                     Conjuration                  1
   b - Blink                          Translocation                2
   c - Call Imp                       Summoning                    2
   d - Slow                           Hexes                        2
   e - Conjure Flame                  Conjuration/Fire             3
   f - Mephitic Cloud                 Conjuration/Poison/Air       3
Comestibles
 c - 2 bread rations
 f - 3 meat rations
 j - a royal jelly


   Skills:
 - Level 0.2 Maces & Flails
 + Level 2.1 Dodging
 + Level 3.1 Stealth
 + Level 0.2 Unarmed Combat
 * Level 3.7 Spellcasting
 * Level 1.2 Conjurations
 * Level 1.0 Summonings
   Level 1.0 Translocations


You had 6 spell levels left.
You knew the following spells:

 Your Spells              Type           Power        Failure   Level  Hunger
a - Magic Dart            Conj           #...         8%          1    None
b - Call Imp              Summ           #.......     12%         2    ##.....


Dungeon Overview and Level Annotations

Branches:
Dungeon (2/15)

Altars:


Innate Abilities, Weirdness & Mutations

You cannot wear most types of armour.
You are very stealthy in the water. (Stealth+)
You are amphibious.
You can wear up to eight rings at the same time.
You can use your tentacles to constrict eight enemies at once.
Your skin changes colour to match your surroundings (Stealth+).
Your rubbery body absorbs attacks. (AC +1, EV +1)


Message History

You tentacle-slap the bat but do no damage.
Your grab misses the bat.
The bat is moderately wounded.
The bat hits you.
* * * LOW HITPOINT WARNING * * *
The worm bites your crimson imp but does no damage.
You tentacle-slap the bat but do no damage.
Your grab misses the bat.
The bat is moderately wounded.
The bat barely misses you.
Your crimson imp blinks!
The worm bites your shadow imp.
You swap places.
The bat hits your shadow imp but does no damage.
The bat hits your shadow imp. The bat misses your shadow imp.
Your shadow imp closely misses the bat.
Your shadow imp disappears in a puff of smoke!
The bat hits you but does no damage. The bat barely misses you.
The worm bites you!
You die...

#...# #...# #...#
###### #...#
#####....#
##<..######.....#..#
.......†......###.##
##...####.#<..# #.#
#...# #..##.####b#
#.......###.#
#@.##### #...####
##.###.w....# #.###
............# ..#
...5........# ####
...$........#
............#
.......######
.......# .......


You could see a worm and a bat.

Vanquished Creatures
  A worm (D:1)
  A leopard gecko (D:1)
  A giant cockroach (D:1)
  3 hobgoblins (D:1)
  4 kobolds (D:1)
  4 bats
  A frilled lizard (D:1)
  4 rats (D:1)
19 creatures vanquished.

Vanquished Creatures (collateral kills)
  A dart slug (D:1)
  A leopard gecko (D:1)
  2 bats (D:1)
  2 kobolds (D:1)
  A frilled lizard (D:1)
  2 goblins (D:1)
  4 rats (D:1)
13 creatures vanquished.

Grand Total: 32 creatures vanquished

Notes
Turn   | Place    | Note
-------+----------+-------------------------------------------
     0 | D:1      | grinvi4 the Octopode Wizard began the quest for the Orb.
     0 | D:1      | Reached XP level 1. HP: 11/11 MP: 4/4
   376 | D:1      | Reached XP level 2. HP: 11/17 MP: 1/6
   667 | D:1      | Learned a level 2 spell: Call Imp
   944 | D:1      | Reached XP level 3. HP: 21/21 MP: 2/8
  2347 | D:2      | HP: 1/21 [bat (1)]
  2352 | D:2      | Mangled by a worm

Skill      XL: |  1  2 |
---------------+-------+-----
Stealth        | 3 |  3.1
Maces & Flails | |  0.2
Dodging        | |  2.1
Unarmed Combat | |  0.2
Spellcasting   | |  3.7
Conjurations   | |  1.2
Summonings     | |  1.0
Translocations | |  1.0

Action                   || total
-------------------------++-------
Melee: Unarmed           ||    36
       Constrict         ||     9
       Tentacles         ||     7
       Whip              ||     3
 Cast: Magic Dart        ||    28
       Call Imp          ||    30
  Use: Scroll            ||     4
 Stab: Sleeping          ||     1
  Eat: Bread ration      ||     1
Armor: Skin              ||    11
Dodge: Dodged            ||    58
